AoeStats
← texasattorneygw

Arabia

510250822Analyzed
1v1 RM · 17h ago on Sep 30, 2026· 26m 31s· 2 players
Game mode
Random Map
Map size
Tiny (2 player)
Population
200
Speed
Normal
Resources
Standard
Victory
Conquest
Starting age
Dark Age
Ending age
Imperial Age
RankedLock teamsTeams togetherTeam positionsShared explorationLock speedFull tech treeHidden civsTurbo modeCheats
Victory
Defeat
🇺🇸 Koreans · United States
913
+41
🇦🇷 Maya · Argentina
943
-17
texasattorneygw
11:19 Feudal Age
12:19 Loom
14:18 Loom
17:45 Castle Age
20:11 Gold Mining
20:33 Fletching
23:05 Bodkin Arrow
diegolalms
0:26 Loom
10:36 Feudal Age
14:43 Double-Bit Axe
15:01 Fletching
18:05 Town Watch
21:32 Castle Age
20:14 Padded Archer Armor
22:08 Wheelbarrow
21:46 Crossbowman
22:11 Elite Skirmisher
24:02 Thumb Ring
Connection lost

Rejoining the realm…

Still unreachable

The connection could not be restored.

Session expired

The server has moved on; the page needs a fresh start.